 Dungeon Crawl Stone Soup version 0.28.0-53-g5a82cb258f (webtiles) character file.

Game seed: 13183698853350999733

102 Woods the Insei (level 4, 0/34 HPs)
             Began as a Gnoll Transmuter on June 9, 2022.
             Slain by a killer bee zombie (6 damage)
             ... on level 3 of the Dungeon.
             The game lasted 00:03:28 (2438 turns).

Woods the Insei (Gnoll Transmuter)                  Turns: 2438, Time: 00:03:28

Health: 0/34       AC:  2    Str:  9    XL:     4   Next: 77%
Magic:  5/11       EV: 22    Int: 14    God:
Gold:   153        SH:  0    Dex: 18    Spells: 7/13 levels left

rFire   . . .      SeeInvis .     - Unarmed
rCold   . . .      Faith    .   (shield currently unavailable)
rNeg    . . .      Spirit   .   (armour currently unavailable)
rPois   x          Reflect  .   (helmet currently unavailable)
rElec   .          Harm     .   (cloak currently unavailable)
rCorr   .          Rampage  .   (gloves currently unavailable)
Will    .....                   (boots currently unavailable)
Stlth   ++........              (no amulet)
HPRegen 0.11/turn               (no ring)
MPRegen 0.12/turn               (no ring)

@: spider-form, very slightly contaminated
A: venomous fangs, tiny, (fangs 1), strong nose, distributed training
a: End Transformation


You were on level 3 of the Dungeon.
You were a venomous arachnid creature.
You visited 1 branch of the dungeon, and saw 3 of its levels.

You collected 153 gold pieces.

Inventory:

Armour
 a - a +0 robe (melded)
Scrolls
 d - a scroll of acquirement {unknown}
 e - a scroll of enchant armour {unknown}
 f - 2 scrolls of identify {unknown}
 j - a scroll of summoning {unknown}
 l - a scroll of torment {unknown}
Potions
 b - a potion of curing {unknown}
 c - a potion of flight {unknown}
 g - a potion of brilliance {unknown}
 h - a potion of lignification {unknown}
 i - a potion of might {unknown}
 k - 2 potions of ambrosia {unknown}


   Skills:
 + Level 2.8 Fighting
 + Level 1.2 Short Blades
 + Level 1.2 Long Blades
 + Level 1.2 Axes
 + Level 1.2 Maces & Flails
 + Level 1.2 Polearms
 + Level 1.2 Staves
 + Level 1.2 Slings
 + Level 1.2 Bows
 + Level 1.2 Crossbows
 + Level 1.2 Throwing
 + Level 1.2 Armour
 + Level 4.7 Dodging
 + Level 1.2 Stealth
 + Level 1.2 Shields
 + Level 6.6 Unarmed Combat
 + Level 5.1 Spellcasting
 + Level 1.0 Conjurations
 + Level 1.0 Hexes
 + Level 1.0 Summonings
 + Level 1.0 Necromancy
 + Level 1.0 Translocations
 + Level 3.9 Transmutations
 + Level 1.0 Fire Magic
 + Level 1.0 Ice Magic
 + Level 1.0 Air Magic
 + Level 1.0 Earth Magic
 + Level 1.0 Poison Magic
 + Level 1.3 Invocations
 + Level 1.2 Evocations


You had 7 spell levels left.
You knew the following spells:

 Your Spells              Type           Power      Damage    Failure   Level
a - Beastly Appendage     Tmut           28%        N/A       12%         1
b - Wereblood             Tmut           14%        N/A       16%         2
c - Spider Form           Tmut/Pois      10%        N/A       38%         3

Your spell library contained the following spells:

 Spells                   Type           Power      Damage    Failure   Level
 Ignite Poison            Fire/Tmut/Pois 9%         N/A       43%         3
 Mephitic Cloud           Conj/Pois/Air  6%         N/A       56%         3
 Ice Form                 Ice/Tmut       10%        N/A       75%         4
 Freezing Cloud           Conj/Ice/Air   3%         6-21      99%         5


Dungeon Overview and Level Annotations

Branches:
Dungeon (3/15)

Altars:


Innate Abilities, Weirdness & Mutations

You are a venomous arachnid creature.
You have poisonous fangs.
You are tiny and dextrous.
Your spellcasting is less reliable in this form.
Your armour is entirely melded.
You are incapable of wielding weapons or throwing items.
((You have very sharp teeth.))
Your uncanny sense of smell can sniff out nearby items.
Your experience applies equally to all skills.


Message History

The killer bee zombie is moderately damaged.
The killer bee zombie hits you but does no damage.
The killer bee zombie barely misses you.
You closely miss the killer bee zombie. Your kick misses the killer bee zombie.
Your headbutt misses the killer bee zombie.
The killer bee zombie is moderately damaged.
The killer bee zombie closely misses you.
The killer bee zombie hits you.
You punch the killer bee zombie! Your kick misses the killer bee zombie.
Your bite misses the killer bee zombie.
The killer bee zombie is heavily damaged.
The killer bee zombie hits you.
You closely miss the killer bee zombie.
Your headbutt misses the killer bee zombie.
The killer bee zombie is heavily damaged.
The killer bee zombie completely misses you.
The killer bee zombie hits you.
You miss the killer bee zombie. Your kick misses the killer bee zombie.
The killer bee zombie is heavily damaged.
The killer bee zombie hits you.
You barely miss the killer bee zombie. Your kick misses the killer bee zombie.
The killer bee zombie is heavily damaged.
The killer bee zombie hits you.
* * * LOW HITPOINT WARNING * * *
Casting: Beastly Appendage (safe; 3% risk of failure)
Confirm with . or Enter, or press ? or * to list all spells.
The spell is quite dangerous to miscast (19% risk of failure)!
Continue anyway?
You miscast Spider Form.
You are very lightly contaminated with residual magic.
Nothing appears to happen.
The killer bee zombie misses you.
The killer bee zombie closely misses you.
Casting: Spider Form (quite dangerous; 19% risk of failure)
Confirm with . or Enter, or press ? or * to list all spells.
The spell is quite dangerous to miscast (19% risk of failure)!
Continue anyway?
Your horns disappear.
Your talons disappear.
You turn into a venomous arachnid creature.
Your +0 robe melds into your body.
The killer bee zombie completely misses you.
The killer bee zombie hits you.
You die...

.###.....####...#.....
..................#..
........###.##)#..#.#
..).........##.#....#
#..............#.#..#
....................#
#.##..............#.#.#.
..##........†...........
..##.....###.#..s.#.$.##
..##.........#..Z.# .#
#......#.....#......#
########.....###...##
.... #...... ....+ ##..
#....## #...# ###..
##### . ..


You could see a killer bee zombie.

Vanquished Creatures
  Jessica (D:3)
  2 adders (D:2)
  A worm (D:3)
  A dart slug (D:2)
  4 bats (D:2)
  3 endoplasms (D:2)
  2 giant cockroaches (D:1)
  4 goblins
  7 hobgoblins
  4 jackals (D:2)
  4 kobolds
  2 quokkas
  4 ball pythons
  4 frilled lizards
  7 rats
50 creatures vanquished.

Notes
Turn   | Place    | Note
-------+----------+-------------------------------------------
     0 | D:1      | Woods the Gnoll Transmuter began the quest for the Orb.
     0 | D:1      | Reached XP level 1. HP: 17/17 MP: 6/6
   219 | D:1      | Reached XP level 2. HP: 23/23 MP: 5/7
   222 | D:1      | Learned a level 2 spell: Wereblood
  1019 | D:2      | Reached skill level 5 in Spellcasting
  1019 | D:2      | Reached XP level 3. HP: 18/28 MP: 6/9
  1254 | D:2      | Found a faded altar of an unknown god.
  1277 | D:2      | Reached skill level 1 in Invocations
  1599 | D:2      | Reached skill level 1 in Short Blades
  1599 | D:2      | Reached skill level 1 in Long Blades
  1599 | D:2      | Reached skill level 1 in Axes
  1599 | D:2      | Reached skill level 1 in Maces & Flails
  1599 | D:2      | Reached skill level 1 in Polearms
  1599 | D:2      | Reached skill level 1 in Staves
  1599 | D:2      | Reached skill level 1 in Slings
  1599 | D:2      | Reached skill level 1 in Bows
  1599 | D:2      | Reached skill level 1 in Crossbows
  1599 | D:2      | Reached skill level 1 in Throwing
  1599 | D:2      | Reached skill level 1 in Armour
  1599 | D:2      | Reached skill level 1 in Stealth
  1599 | D:2      | Reached skill level 1 in Shields
  1599 | D:2      | Reached skill level 1 in Evocations
  1603 | D:2      | Learned a level 3 spell: Spider Form
  1730 | D:2      | Reached XP level 4. HP: 32/34 MP: 9/11
  2339 | D:3      | Noticed Jessica
  2347 | D:3      | Killed Jessica
  2348 | D:3      | Reached skill level 1 in Conjurations
  2348 | D:3      | Reached skill level 1 in Hexes
  2348 | D:3      | Reached skill level 1 in Summonings
  2348 | D:3      | Reached skill level 1 in Necromancy
  2348 | D:3      | Reached skill level 1 in Translocations
  2348 | D:3      | Reached skill level 1 in Fire Magic
  2348 | D:3      | Reached skill level 1 in Ice Magic
  2348 | D:3      | Reached skill level 1 in Air Magic
  2348 | D:3      | Reached skill level 1 in Earth Magic
  2348 | D:3      | Reached skill level 1 in Poison Magic
  2438 | D:3      | Slain by a killer bee zombie

Illustrated notes

Levels and vault maps discovered:
D:1:      dpeg_arrival_simpleton_a, layout_loops_cross
D:2:      layout_basic, basic_ecumenical_altar
D:3:      layout_basic, serial_shops, shop, st_stairs_7, minmay_three_crescents,
          uniq_jessica, uniq_crazy_yiuf_cottage

Skill      XL: |  1  2  3  4 |
---------------+-------------+-----
Spellcasting   | 5 |  5.1
Invocations    | 1 |  1.3
Short Blades   | 1 |  1.2
Long Blades    | 1 |  1.2
Axes           | 1 |  1.2
Maces & Flails | 1 |  1.2
Polearms       | 1 |  1.2
Staves         | 1 |  1.2
Slings         | 1 |  1.2
Bows           | 1 |  1.2
Crossbows      | 1 |  1.2
Throwing       | 1 |  1.2
Armour         | 1 |  1.2
Stealth        | 1 |  1.2
Shields        | 1 |  1.2
Evocations     | 1 |  1.2
Conjurations   | 1 |  1.0
Hexes          | 1 |  1.0
Summonings     | 1 |  1.0
Necromancy     | 1 |  1.0
Translocations | 1 |  1.0
Fire Magic     | 1 |  1.0
Ice Magic      | 1 |  1.0
Air Magic      | 1 |  1.0
Earth Magic    | 1 |  1.0
Poison Magic   | 1 |  1.0
Fighting       | |  2.8
Dodging        | |  4.7
Unarmed Combat | |  6.6
Transmutations | |  3.9

Action                   |  1- 3 |  4- 6 || total
-------------------------+-------+-------++-------
Melee: Unarmed           |    94 |    32 ||   126
       Headbutt          |     4 |     7 ||    11
       Kick              |    10 |     5 ||    15
       Bite              |     6 |     2 ||     8
       Punch             |     3 |     1 ||     4
 Cast: Beastly Appendage |    19 |    10 ||    29
       Spider Form       |       |     2 ||     2
 Stab: Sleeping          |       |     2 ||     2
Armor: Robe              |    12 |     4 ||    16
Dodge: Dodged            |    61 |    20 ||    81
